 Dungeon Crawl Stone Soup version 0.29.1-15-g9cfb28693d (webtiles) character file.

Game seed: 12135212710089247891

1733 Heoruswealwe the Shooter (level 8, -1/67 HPs)
             Began as a Demigod Hunter on Apr 27, 2023.
             Slain by a two-headed ogre
             ... wielding a +0 giant spiked club
              (14 damage)
             ... on level 6 of the Dungeon on Apr 28, 2023.
             The game lasted 00:56:31 (4843 turns).

Heoruswealwe the Shooter (Demigod Hunter)           Turns: 4843, Time: 00:56:31

Health: -1/67      AC:  8    Str: 11    XL:     8   Next: 47%
Magic:  10/10      EV: 16    Int: 10    God:
Gold:   246        SH:  0    Dex: 29    Spells: 7/7 levels left

rFire   . . .      SeeInvis .   b - +2 dagger (venom)
rCold   . . .      Faith    .   (no shield)
rNeg    . . .      Spirit   .   c - +0 leather armour {rPois}
rPois   +          Reflect  .   (helmet restricted)
rElec   .          Harm     .   (no cloak)
rCorr   .          Rampage  .   (no gloves)
Will    .....                   e - +0 pair of boots
Stlth   ++++......              (no amulet)
HPRegen 0.21/turn               k - +4 ring of protection
MPRegen 0.12/turn               (no ring)

@: no status effects
A: high MP 1, forlorn, divine attributes, antennae 1, agile 1
a: no special abilities


You were on level 6 of the Dungeon.
You visited 1 branch of the dungeon, and saw 7 of its levels.

You collected 246 gold pieces.

Inventory:

Hand Weapons
 a - a +0 arbalest of freezing
 b - a +2 dagger of venom (weapon)
Armour
 c - a +0 leather armour of poison resistance (worn)
 e - a +0 pair of boots (worn)
Jewellery
 k - a +4 ring of protection (left hand)
Wands
 l - a wand of digging (7)
Scrolls
 f - 2 scrolls of teleportation
 g - 3 scrolls of enchant weapon
 i - a scroll of enchant armour
 j - 2 scrolls of identify
Potions
 d - 4 potions of brilliance
 h - a potion of invisibility
 m - a potion of mutation


   Skills:
 + Level 4.8 Fighting
 + Level 4.3 Long Blades
 + Level 5.9 Ranged Weapons
 + Level 4.8 Dodging
 + Level 5.0 Stealth


You had 7 spell levels left.
You didn't know any spells.
Your spell library contained the following spells:

 Spells                   Type           Power      Damage    Failure   Level
 Slow                     Hex            0%         N/A       45%         1
 Poisonous Vapours        Pois/Air       0%         N/A       58%         2
 Scorch                   Fire           0%         2d5       58%         2
 Confusing Touch          Hex            0%         N/A       83%         3
 Vampiric Draining        Necr           0%         2d6       83%         3
 Corpse Rot               Necr/Pois/Air  0%         N/A       99%         4
 Flame Wave               Conj/Fire      0%         2d4       99%         4
 Summon Cactus Giant      Summ           0%         N/A       100%        6


Dungeon Overview and Level Annotations

Branches:
Dungeon (7/15)
 Temple: D:4-7


Innate Abilities, Weirdness & Mutations

You have an increased reservoir of magic. (+10% MP)
You shall have no god before yourself.
Your divine heritage dramatically boosts your attributes as you level up.
You have a pair of small antennae on your head.
You are agile. (Dex +4, Str/Int -1)


Message History

You hit the ice beast.
You kill the ice beast!
Your Stealth skill increases to level 5!
Your +2 dagger of venom stops dripping with poison.
Your +0 arbalest of freezing is covered in frost.
a - a +0 arbalest of freezing (weapon)
Found a scroll of identify.
Found a blossoming altar of Fedhas.
You now have 212 gold pieces (gained 10).
j - a scroll of identify
j - 2 scrolls of identify (gained 1)
You see here 9 stones.
Found 17 gold pieces.
You pick up a book of Vapours and begin reading...
You add the spells Poisonous Vapours and Corpse Rot to your library.
You now have 229 gold pieces (gained 17).
Found a stone staircase leading up.
You now have 246 gold pieces (gained 17).
A two-headed ogre comes into view.
It is wielding a +0 giant spiked club and a +0 giant club.
The two-headed ogre shouts in stereo!
You shoot a bolt. The bolt hits the two-headed ogre.
The bolt freezes the two-headed ogre.
The two-headed ogre is lightly wounded.
You shoot a bolt. The bolt hits the two-headed ogre!!
The bolt freezes the two-headed ogre.
The two-headed ogre is heavily wounded.
You shoot a bolt. The bolt hits the two-headed ogre!!
The bolt freezes the two-headed ogre.
The two-headed ogre is almost dead.
The two-headed ogre hits you with a +0 giant spiked club!!
The two-headed ogre hits you with a +0 giant club!!
* * * LOW HITPOINT WARNING * * *
Your +0 arbalest of freezing stops glowing.
Your +2 dagger of venom begins to drip with poison!
b - a +2 dagger of venom (weapon)
You hit the two-headed ogre but do no damage.
The two-headed ogre is poisoned.
The two-headed ogre is almost dead.
The two-headed ogre barely misses you.
The two-headed ogre hits you with a +0 giant club!
You die...

............
##.≈≈≈≈≈≈≈.........
#....≈≈≈≈≈≈......#.
#..8...._≈≈.##...##
#....≈ ≈≈≈≈.#....##
#..≈≈ ≈≈≈.......##
#... .....#...... #.O#
##...#...... #@###
###.#......
##...######........
##......#.#.......†.
#.#.................
###.#.................
#....................(
###.##.....#.......#..
######..##......###.
##.....#.....####.


You could see a two-headed ogre (very poisoned).

Vanquished Creatures
  Eustachio (D:4)
  An ice beast (D:6)
  A sky beast (D:6)
  A centaur (D:5)
  A phantom (D:3)
  4 ogres
  2 necrophages
  3 scorpions
  2 howler monkeys (D:7)
  A jelly (D:4)
  2 hounds (D:7)
  3 iguanas
  Natasha (thrice) (D:4)
  3 orc wizards
  3 gnolls (D:6)
  7 adders
  A shadow imp (D:6)
  2 ufetubi
  4 worms
  4 dart slugs
  10 orcs
  3 ball pythons (D:3)
  2 bats (D:3)
  12 endoplasms
  3 giant cockroaches
  8 goblins
  4 hobgoblins (D:1)
  A jackal (D:5)
  6 quokkas
  5 frilled lizards
  6 kobolds
  15 rats
124 creatures vanquished.

Vanquished Creatures (others)
  17 fungi
  62 plants
  9 withered plants (D:2)
88 creatures vanquished.

Grand Total: 212 creatures vanquished

Notes
Turn   | Place    | Note
-------+----------+-------------------------------------------
     0 | D:1      | Heoruswealwe the Demigod Hunter began the quest for the
                  | Orb.
     0 | D:1      | Reached XP level 1. HP: 17/17 MP: 3/3
    28 | D:1      | Reached skill level 1 in Stealth
    78 | D:1      | Reached XP level 2. HP: 7/24 MP: 4/4
   664 | D:2      | Reached skill level 1 in Long Blades
   664 | D:2      | Reached XP level 3. HP: 29/29 MP: 5/5
  1347 | D:3      | Noticed a phantom
  1367 | D:3      | Killed a phantom
  1368 | D:3      | Reached XP level 4. HP: 17/37 MP: 6/6
  1982 | D:3      | Reached XP level 5. HP: 42/42 MP: 7/7
  1987 | D:3      | Noticed a moth of wrath
  2395 | D:4      | Noticed an ogre
  2398 | D:4      | Killed an ogre
  2399 | D:4      | Reached XP level 6. HP: 51/51 MP: 8/8
  2728 | D:4      | Noticed Eustachio
  2732 | D:4      | Killed Eustachio
  2919 | D:4      | Gained mutation: You are agile. (Dex +4, Str/Int -1)
                  | [potion of mutation]
  2919 | D:4      | Gained mutation: You have a pair of small antennae on your
                  | head. [potion of mutation]
  3033 | D:4      | Noticed Natasha
  3035 | D:4      | Killed Natasha
  3212 | D:4      | Noticed Natasha
  3255 | D:4      | Killed Natasha
  3408 | D:4      | Noticed Natasha
  3411 | D:4      | Killed Natasha
  3424 | D:5      | Entered Level 5 of the Dungeon
  3427 | D:5      | Reached XP level 7. HP: 58/58 MP: 9/9
  3480 | D:5      | Reached skill level 5 in Ranged Weapons
  4555 | D:7      | Reached XP level 8. HP: 67/67 MP: 10/10
  4734 | D:6      | Reached skill level 5 in Stealth
  4837 | D:6      | Noticed a two-headed ogre
  4843 | D:6      | Slain by a two-headed ogre

Illustrated notes

Levels and vault maps discovered:
D:1:      dpeg_arrival_connections, layout_rooms, minmay_misc_feat_roman,
          kennysheep_minor_cross
D:2:      layout_loops_cross, ebering_ecumenical_altar_petrified, basic_altar
D:3:      layout_rooms, tgw_trog, lemuel_round_altar,
          grunt_temple_overflow_open, chequers_serial_rivers_micro_b,
          patterned_corridor
D:4:      layout_basic, mainiacjoe_overflow_boulevard,
          minmay_fractal_squares_diagonal_5, uniq_natasha, uniq_eustachio
D:5:      layout_cave_pools, mainiacjoe_overflow_alcove_4, lemuel_round_altar,
          okawaru_trees_2, nicolae_ru_great_annihilating_truth,
          mainiacjoe_overflow_six_doors_small, serial_bayou_lagoon_a,
          kennysheep_generic_room_13
D:6:      layout_cave_pools, nicolae_wu_jian_glorious_leap,
          mainiacjoe_overflow_catwalk, uniq_duvessa
D:7:      lemuel_castle_with_subvaults [lemuel_castle_interior_carwin_3],
          layout_loops_ring, lemuel_doored_altar,
          minmay_temple_entry_glassed_door

Skill      XL: |  1  2  3  4  5  6  7  8 |
---------------+-------------------------+-----
Stealth        | 1 2 3 4 5 |  5.0
Fighting       | 2 3 4 |  4.8
Dodging        | 2 3 4 |  4.8
Long Blades    | 1 2 3 4 |  4.3
Ranged Weapons | 4 5 |  5.9

Action                   |  1- 3 |  4- 6 |  7- 9 || total
-------------------------+-------+-------+-------++-------
Melee: Dagger            |   109 |    88 |   427 ||   624
       Punch             |     2 |     1 |     6 ||     9
 Fire: Shortbow          |    47 |       |       ||    47
       Arbalest          |    14 |    50 |    82 ||   146
  Use: Scroll            |     4 |     8 |     1 ||    13
       Potion            |       |     8 |     2 ||    10
Armor: Leather armour    |    14 |    13 |    29 ||    56
Dodge: Dodged            |    28 |    44 |    75 ||   147
